AoeStats
← Don kabron

Oasis

509507762Analyzed
2v2 RM · 4d ago on Sep 27, 2026· 43m 30s· 4 players
Game mode
Random Map
Map size
Medium (4 player)
Population
200
Speed
Normal
Resources
Standard
Victory
Conquest
Starting age
Dark Age
Ending age
Imperial Age
RankedLock teamsTeams togetherTeam positionsShared explorationLock speedFull tech treeHidden civsTurbo modeCheats
Victory
Defeat
🇦🇷 Slavs · Argentina
1600
+11
🇦🇷 Gurjaras · Argentina
1311
+22
🇲🇽 Vietnamese · Mexico
1487
-17
🇲🇽 Malay · Mexico
1459
-16
Lucsor
5:51 Loom
5:55 Loom
8:32 Feudal Age
9:49 Double-Bit Axe
12:14 Horse Collar
15:35 Fletching
16:22 Padded Archer Armor
22:02 Castle Age
20:41 Forging
21:24 Gold Mining
22:20 Bloodlines
22:16 Scale Barding Armor
23:24 Chain Barding Armor
22:42 Elite Skirmisher
23:22 Bodkin Arrow
23:52 Bodkin Arrow
26:13 Gold Shaft Mining
28:04 Leather Archer Armor
29:56 Iron Casting
29:22 Heavy Plow
30:01 Ballistics
30:21 Bow Saw
31:22 Wheelbarrow
31:31 Redemption
31:52 Sanctity
37:19 Imperial Age
34:51 Town Watch
35:42 Husbandry
38:37 Plate Barding Armor
37:23 Cavalier
39:18 Chemistry
40:46 Block Printing
41:49 Blast Furnace
41:23 Hand Cart
41:38 Capped Ram
43:01 Ring Archer Armor
43:27 Pikeman
44:07 Scale Mail Armor
khermir
7:01 Loom
9:23 Feudal Age
10:30 Double-Bit Axe
11:04 Horse Collar
22:06 Castle Age
21:43 Wheelbarrow
22:01 Gold Mining
23:28 Bloodlines
23:18 Husbandry
23:37 Scale Barding Armor
23:43 Forging
23:57 Bow Saw
23:49 Heavy Plow
23:58 Town Watch
25:47 Chain Barding Armor
26:22 Scale Mail Armor
26:58 Iron Casting
27:01 Hand Cart
29:41 Fletching
33:04 Chain Mail Armor
33:20 Bodkin Arrow
37:11 Imperial Age
35:56 Ballistics
35:47 Masonry
35:33 Murder Holes
38:01 Chain Barding Armor
38:33 Plate Mail Armor
38:48 Conscription
38:33 Elite Chakram Thrower
40:50 Plate Barding Armor
40:15 Bracer
41:20 Chemistry
41:14 Elite Shrivamsha Rider
42:50 Architecture
42:01 Treadmill Crane
43:22 Hoardings
Don kabron
7:10 Loom
9:48 Feudal Age
24:21 Castle Age
23:15 Forging
24:21 Scale Mail Armor
25:37 Chain Mail Armor
27:33 Iron Casting
27:49 Double-Bit Axe
29:03 Squires
28:53 Arson
37:46 Imperial Age
36:51 Fletching
38:19 Bow Saw
38:29 Crossbowman
39:26 Bodkin Arrow
39:50 Padded Archer Armor
41:23 Chemistry
40:44 Ballistics
40:24 Pikeman
40:53 Arbalester
43:07 Bracer
43:54 Leather Archer Armor
jgonzalezs1507
6:13 Loom
9:13 Feudal Age
13:25 Double-Bit Axe
15:10 Fletching
17:01 Padded Archer Armor
22:10 Castle Age
21:09 Crossbowman
21:48 Bodkin Arrow
25:21 Leather Archer Armor
25:32 Ballistics
32:50 Imperial Age
32:15 Bracer
36:02 Arbalester
41:35 Chemistry
Connection lost

Rejoining the realm…

Still unreachable

The connection could not be restored.

Session expired

The server has moved on; the page needs a fresh start.